 Dungeon Crawl Stone Soup version 0.30.0-29-ga12c61a403 (webtiles) character file.

Game seed: 17285195606569476304

331 qw the Chopper (level 6, -4/38 HPs)
             Began as a Gargoyle Fighter on June 3, 2023.
             Was an Initiate of Okawaru.
             Slain by Pikel
             ... wielding a +0 whip of flaming
              (5 damage)
             ... on level 4 of the Dungeon.
             The game lasted 00:01:33 (3033 turns).

qw the Chopper (Gargoyle Fighter)                   Turns: 3033, Time: 00:01:34

Health: -4/38      AC: 16    Str: 22    XL:     6   Next: 51%
Magic:  6/6        EV:  9    Int:  8    God:    Okawaru [......]
Gold:   202        SH:  4    Dex:  9    Spells: 5/5 levels left

rFire   . . .        Y - +1 war axe
rCold   . . .        c - +0 buckler
rNeg    + . .        b - +0 scale mail
rPois   inf          e - +1 helmet
rElec   +            m - scarf {repulsion}
rCorr   .            t - +2 pair of gloves
SInv    .            (no boots)
Will    .....        (no amulet) Stlth
                     (no ring)
HPRegen 0.26/turn    (no ring)
MPRegen 0.10/turn

%: repel missiles
@: no status effects
A: sickness immunity, AC +4, negative energy resistance 1, electricity
resistance, torment resistance 1, petrification resistance
a: Renounce Religion


You were on level 4 of the Dungeon.
You worshipped Okawaru.
Okawaru was noncommittal.
You visited 1 branch of the dungeon, and saw 4 of its levels.

You collected 202 gold pieces.


Innate Abilities, Weirdness & Mutations

You are immune to sickness and miasma.
Your stone body is resilient. (AC +4)
You are immune to poison.
You resist negative energy. (rN+)
You are resistant to electric shocks. (rElec)
You are resistant to unholy torment.
You are immune to petrification.


   Skills:
 - Level 4.1 Fighting
 + Level 5.4 Axes
 - Level 3.2 Armour
 - Level 1.3 Dodging
 - Level 3.2 Shields


You had 5 spell levels left.
You didn't know any spells.
Your spell library was empty.

Inventory:

Hand Weapons
 j - a +0 flail
 Y - a +1 war axe (weapon)
Armour
 b - a +0 scale mail (worn)
 c - a +0 buckler (worn)
 e - a +1 helmet (worn)
 m - a scarf of repulsion (worn)
 n - a +0 cloak
 o - a +0 chain mail
 t - a +2 pair of gloves (worn)
Scrolls
 l - 2 scrolls of identify
Potions
 a - a potion of haste
 d - a potion of might
 f - 2 potions of curing
 h - a potion of lignification
 i - a potion of cancellation {unknown}
 k - 2 potions of attraction

Dungeon Overview and Level Annotations

Branches:
Dungeon (4/15)
 Temple: D:4-7

Altars:
Fedhas
Okawaru
Trog
Uskayaw
Yredelemnul

Annotations:
D:4 Pikel


Message History

The lemure hits you. x2; Pikel hits you but does no damage.
The lemure barely misses you.
You barely miss the lemure.
The lemure is almost dead.
You closely miss the lemure. You hit Pikel.
You hit the lemure but do no damage. You block the lemure's attack.
Pikel hits you but does no damage.
The lemure hits you. x3; The lemure barely misses you.
The lemure hits you but does no damage. Pikel hits you but does no damage.
3029 ||| DRINKING potion of heal wounds.
You feel much better.
The lemure shouts!
The lemure hits you but does no damage. x2; The lemure closely misses you.
You block Pikel's attack.
You barely miss the lemure.
The lemure is almost dead.
You closely miss the lemure. You hit Pikel but do no damage.
You barely miss the lemure. You miss the lemure. The lemure barely misses you.
The lemure closely misses you. The lemure hits you but does no damage.
Pikel hits you but does no damage. The lemure barely misses you.
You slash the lemure!
You kill the lemure!
That felt strangely unrewarding.
You slash the lemure! You hit Pikel but do no damage. You slash the lemure!
You barely miss the lemure. You block Pikel's attack.
You block the lemure's attack. The lemure hits you but does no damage.
The lemure hits you!
You slash the lemure!
You kill the lemure!
That felt strangely unrewarding.
You hit Pikel. You closely miss the lemure. x2
The lemure hits you but does no damage.
Pikel hits you with a +0 whip of flaming.
Pikel burns you. The lemure hits you.
You hit Pikel but do no damage.
Pikel is moderately wounded.
You slash the lemure! x2
Pikel hits you with a +0 whip of flaming.
Pikel burns you. You block the lemure's attack. The lemure hits you!
Pikel hits you with a +0 whip of flaming.
You die...

....#### #....).#
#.#<# ......
#......# #.###
..[...#
#####......#####.#
[.....#
.................#
......#
.................#
....###
.................#
######..........#
###.5........#
#.'K@........#
#.#5.........# ..
#..........# ...
##......... .K5
####...## .. ...#
5 .... ##.#


You could see Pikel and 2 lemures.

Vanquished Creatures
  A sky beast (D:3)
  2 lemures (D:4)
  A hound (D:4)
  A jelly (D:4)
  2 iguanas (D:4)
  Ijyb (D:4)
  2 adders (D:3)
  An ufetubus (D:2)
  2 worms (D:2)
  10 ball pythons
  11 endoplasms
  8 giant cockroaches
  5 goblins
  3 hobgoblins
  7 quokkas
  5 bats
  6 kobolds
  9 rats
77 creatures vanquished.

Notes
Turn   | Place    | Note
-------+----------+-------------------------------------------
     0 | D:1      | qw the Gargoyle Fighter began the quest for the Orb.
     0 | D:1      | Reached XP level 1. HP: 14/14 MP: 1/1
     0 | D:1      | 0 ||| qw: Version: 0.2-a-103-g5a998e5
     0 | D:1      | 0 ||| qw: Game counter: 1061
     0 | D:1      | 0 ||| qw: Always use a shield: true
     0 | D:1      | 0 ||| qw: God list: Okawaru
     0 | D:1      | 0 ||| qw: Allow faded altars: false
     0 | D:1      | 0 ||| qw: Do Orc after D:15 true
     0 | D:1      | 0 ||| qw: Do second Lair branch before Depths: true
     0 | D:1      | 0 ||| qw: Lair rune preference: random
     0 | D:1      | 0 ||| qw: Plans: Normal, Zot:1-4, Slime:5, God:TSO, Crypt,
                  | Tomb, Pan, Hells, Abyss, Win
     0 | D:1      | 0 ||| PLANNING D:1-11
    41 | D:1      | Reached skill level 2 in Axes
   119 | D:1      | Reached XP level 2. HP: 19/19 MP: 2/2
   405 | D:1      | Reached skill level 3 in Axes
   537 | D:1      | Reached XP level 3. HP: 23/23 MP: 3/3
   699 | D:1      | 699 ||| UPGRADING to +0 helmet.
   704 | D:1      | 704 ||| UPGRADING to scarf of repulsion.
   709 | D:1      | 709 ||| READING scroll labelled ZERAUK FIVEU.
   710 | D:1      | 710 ||| READING scroll labelled ZEDAPR IPOJ.
   711 | D:1      | 711 ||| READING 3 scrolls labelled HOISMI UNEOSCH.
   712 | D:1      | 712 ||| DRINKING 3 orange potions.
   713 | D:1      | 713 ||| DRINKING 2 white potions.
   714 | D:1      | 714 ||| READING 2 scrolls of identify.
   714 | D:1      | 714 ||| IDENTIFYING lumpy cyan potion
   729 | D:2      | Found a faded altar of an unknown god.
  1395 | D:2      | 1395 ||| Stepping ~*~*~tactically~*~*~ (stealth).
  1734 | D:2      | 1734 ||| UPGRADING to +2 pair of gloves.
  1739 | D:2      | 1739 ||| READING 2 scrolls labelled YLECO TOAXUR.
  1740 | D:2      | 1740 ||| READING scroll of enchant armour.
  1740 | D:2      | 1740 ||| ENCHANTING +0 helmet.
  1741 | D:2      | 1741 ||| READING scroll labelled XIFOL POPPAE.
  1742 | D:2      | 1742 ||| READING scroll labelled TOKHUDUUHA.
  1743 | D:2      | 1743 ||| READING scroll labelled ARRIUCR ARAQEX.
  1746 | D:2      | 1746 ||| READING scroll labelled ELIEGOORIA.
  1847 | D:2      | 1847 ||| READING scroll labelled LUATZY ETUNU.
  1848 | D:2      | 1848 ||| DRINKING 3 fizzy silvery potions.
  1849 | D:2      | 1849 ||| READING 3 scrolls of identify.
  1849 | D:2      | 1849 ||| IDENTIFYING fuming purple potion
  1850 | D:2      | 1850 ||| READING 2 scrolls of identify.
  1850 | D:2      | 1850 ||| IDENTIFYING viscous golden potion
  1851 | D:2      | 1851 ||| DROPPING 2 potions of flight.
  1852 | D:2      | 1852 ||| DROPPING potion of degeneration.
  1875 | D:3      | 1875 ||| PLANNING SEWER
  1879 | D:3      | 1879 ||| Stepping ~*~*~tactically~*~*~ (stealth).
  1882 | D:3      | Reached XP level 4. HP: 28/28 MP: 4/4
  1904 | D:3      | Reached skill level 4 in Axes
  1940 | D:3      | Found a bloodstained altar of Trog.
  1954 | D:3      | 1954 ||| DROPPING +0 whip.
  2080 | D:3      | Found a basalt altar of Yredelemnul.
  2106 | D:3      | Found a blossoming altar of Fedhas.
  2185 | D:3      | 2185 ||| Stepping ~*~*~tactically~*~*~ (stealth).
  2186 | D:3      | 2186 ||| Stepping ~*~*~tactically~*~*~ (stealth).
  2566 | D:3      | 2566 ||| RIP SEWER
  2568 | D:3      | 2568 ||| PLANNING D:1-11
  2650 | D:3      | 2650 ||| READING scroll labelled JIAPEXKELICS.
  2668 | D:3      | 2668 ||| DRINKING 2 fuming emerald potions.
  2669 | D:3      | 2669 ||| READING 3 scrolls of identify.
  2669 | D:3      | 2669 ||| IDENTIFYING ruby potion
  2670 | D:3      | 2670 ||| DROPPING potion of brilliance.
  2691 | D:4      | Noticed a sky beast
  2698 | D:4      | 2698 ||| STAIRDANCE
  2703 | D:3      | Killed a sky beast
  2704 | D:3      | Reached skill level 5 in Axes
  2704 | D:3      | Reached XP level 5. HP: 27/32 MP: 5/5
  2817 | D:4      | Found an iron altar of Okawaru.
  2818 | D:4      | 2818 ||| PLANNING OKAWARU WORSHIP
  2824 | D:4      | 2824 ||| Stepping ~*~*~tactically~*~*~ (stealth).
  2834 | D:4      | Reached XP level 6. HP: 34/38 MP: 6/6
  2848 | D:4      | Became a worshipper of Warmaster Okawaru
  2848 | D:4      | 2848 ||| PLANNING D:1-11
  2945 | D:4      | Found a hide-covered altar of Uskayaw.
  2953 | D:4      | Reached skill level 1 in Dodging
  2987 | D:4      | Noticed Ijyb
  3000 | D:4      | Killed Ijyb
  3016 | D:4      | Noticed Pikel
  3018 | D:4      | 3018 ||| Stepping ~*~*~tactically~*~*~ (stealth).
  3028 | D:4      | HP: 9/38 [lemure[Pikel] (2)]
  3028 | D:4      | HP: 3/38 [lemure[Pikel] (2)]
  3029 | D:4      | 3029 ||| DRINKING potion of heal wounds.
  3033 | D:4      | HP: 9/38 [Pikel/+0 whip of flaming (1)]
  3033 | D:4      | HP: 1/38 [lemure[Pikel] (7)]
  3033 | D:4      | Slain by Pikel

Levels and vault maps discovered:
D:1:      tarquinn_simple_flora_water_d, layout_basic, minmay_distorted
D:2:      minmay_diamond_boxcup, layout_basic, basic_ecumenical_altar
D:3:      layout_basic, nicolae_overflow_hidden_temple,
          mainiacjoe_overflow_catwalk_spiral, gup_sewer_entry_pipe
D:4:      layout_basic, lemuel_doored_altar, zin_scriptorium,
          okawaru_gym_becter, serial_shops, nicolae_shop_waterfront, uniq_pikel,
          uniq_ijyb, uniq_sigmund

Skill      XL: |  1  2  3  4  5  6 |
---------------+-------------------+-----
Axes           | 2 3 5 |  5.4
Fighting       | 4 |  4.1
Dodging        | 1 |  1.3
Armour         | |  3.2
Shields        | |  3.2

Action                     |  1- 3 |  4- 6 || total
---------------------------+-------+-------++-------
  Melee: War axe           |   108 |    86 ||   194
  Throw: Boomerang         |    17 |    37 ||    54
    Use: Scroll            |    13 |     2 ||    15
         Potion            |     3 |     2 ||     5
 Armour: Scale mail        |    59 |    47 ||   106
  Dodge: Dodged            |    37 |    30 ||    67
         Repelled          |       |     1 ||     1
  Block: Buckler           |    32 |    19 ||    51

Table legend:
 A = Non-vault XP
 B = Vault XP
 C = Vault XP percentage of total XP
 D = Non-vault monster count
 E = Vault monster count
 F = Vault count percentage of total count
                 A         B        C        D         E       F
            +---------+---------+-------+---------+---------+-------
      Total |     400 |      73 |  15.4 |      59 |      16 |  21.3
            +---------+---------+-------+---------+---------+-------
        D:1 |      33 |       3 |   8.3 |      21 |       2 |   8.7
        D:2 |      23 |      20 |  46.5 |      12 |       6 |  33.3
        D:3 |     188 |      14 |   6.9 |      20 |       7 |  25.9
        D:4 |     156 |      36 |  18.8 |       6 |       1 |  14.3
            +---------+---------+-------+---------+---------+-------
